[Event "95th Caplin Hastings Congress"]
[Site "Hastings"]
[Date "2020.01.03"]
[Round "7.8"]
[White "Korneev, Oleg"]
[Black "Bates, Richard A"]
[Result "1/2-1/2"]
[ECO "B07"]
[WhiteElo "2513"]
[BlackElo "2351"]
[Annotator "ChessBase"]
[PlyCount "47"]
[EventDate "2019.12.28"]
[EventType "swiss"]
[EventCountry "ENG"]
[SourceTitle "playchess.com"]
[Source "ChessBase"]
[SourceQuality "1"]
[TimeControl "40/6600+30:3000+30"]

1. e4 c5 2. c3 d6 3. d4 Nf6 4. Bd3 g6 5. Nf3 Bg7 6. h3 O-O 7. O-O Nc6 8. Re1 e5 9. dxc5 dxc5 10. Bg5 h6 11. Bxf6 Qxf6 12. Nbd2 b6 13. Nf1 Be6 14. Qe2 Na5 15. Ne3 Rad8 16. a3 Qe7 17. b4 c4 18. Bc2 Nb7 19. Nxc4 Qc7 20. Ne3 Qxc3 21. Ba4 Rc8 22. Nd5 Bxd5 23. exd5 Nd6 24. Bc6 1/2-1/2

[Event "95th Caplin Hastings Congress"]
[Site "Hastings"]
[Date "2020.01.03"]
[Round "7.9"]
[White "Stoyanov, Viktor"]
[Black "Williams, Simon K"]
[Result "0-1"]
[ECO "E90"]
[WhiteElo "2234"]
[BlackElo "2461"]
[Annotator "ChessBase"]
[PlyCount "118"]
[EventDate "2019.12.28"]
[EventType "swiss"]
[EventCountry "ENG"]
[SourceTitle "playchess.com"]
[Source "ChessBase"]
[SourceQuality "1"]
[TimeControl "40/6600+30:3000+30"]

1. d4 Nf6 2. Nf3 g6 3. c4 Bg7 4. Nc3 O-O 5. e4 d6 6. h3 c5 7. Be3 Qa5 8. Qd2 a6 9. Be2 Nc6 10. d5 Nd4 11. Nxd4 cxd4 12. Bxd4 Nxe4 13. Qe3 Bxd4 14. Qxd4 Nxc3 15. Qxc3 Qxc3+ 16. bxc3 Bd7 17. Rb1 b5 18. cxb5 axb5 19. O-O Ra5 20. Rb2 Rc8 21. Rc1 Rc5 22. Rd2 Ra3 23. c4 Ra4 24. Rdc2 Bf5 25. Rc3 Rxa2 26. Bf3 bxc4 27. Rxc4 Rxc4 28. Rxc4 g5 29. Rc7 Kf8 30. g4 Bg6 31. Kg2 Ra3 32. Rb7 h6 33. Rc7 Ra4 34. Rb7 Be4 35. Rb5 Kg7 36. Rb8 Bg6 37. Kg3 Ra3 38. Kg2 Kf6 39. Rb7 Bd3 40. Rb2 Bc4 41. Rb4 Rc3 42. Ra4 Rc1 43. Ra3 Rc2 44. Ra4 Rc3 45. Rb4 Ke5 46. Rb8 Bf1+ 47. Kxf1 Rxf3 48. Kg2 Rf6 49. Rb7 e6 50. dxe6 fxe6 51. Rb2 d5 52. Kf1 Rf3 53. Re2+ Kd6 54. Kg2 Rc3 55. Ra2 e5 56. Ra8 Rc6 57. Kf1 e4 58. Ke2 Ke5 59. Ra4 Rc3 0-1

[Event "95th Caplin Hastings Congress"]
[Site "Hastings"]
[Date "2020.01.03"]
[Round "7.11"]
[White "Brouwer, Dennis"]
[Black "Flear, Glenn C"]
[Result "0-1"]
[ECO "C83"]
[WhiteElo "2209"]
[BlackElo "2435"]
[Annotator "NA"]
[PlyCount "66"]
[EventDate "2019.12.28"]
[EventType "swiss"]
[EventCountry "ENG"]
[SourceTitle "playchess.com"]
[Source "ChessBase"]
[SourceQuality "1"]
[TimeControl "40/6600+30:3000+30"]

1. e4 e5 2. Nf3 Nc6 3. Bb5 a6 4. Ba4 Nf6 5. O-O Nxe4 6. d4 b5 7. Bb3 d5 8. dxe5 Be6 9. Be3 Be7 10. c3 Nc5 11. Nbd2 Nd3 $11 12. Qb1 Ndxe5 13. Nxe5 Nxe5 14. Bd4 f6 15. Bc2 g6 16. Re1 Bf7 17. Bxe5 fxe5 18. Rxe5 O-O 19. Nf3 Bf6 20. Re1 Qd6 21. Qd1 b4 22. Qd2 bxc3 23. bxc3 Rfe8 24. Bb3 Qc5 25. Nd4 Qa5 26. Rac1 Rxe1+ 27. Qxe1 c5 28. Nc6 Qc7 29. Ba4 Re8 30. Qf1 Re6 31. Qxa6 Be8 32. Qa8 Kf7 33. Nd4 cxd4 0-1

[Event "95th Caplin Hastings Congress"]
[Site "Hastings"]
[Date "2020.01.03"]
[Round "7.13"]
[White "Merry, Alan B"]
[Black "Yao, Lan"]
[Result "1/2-1/2"]
[ECO "E16"]
[WhiteElo "2423"]
[BlackElo "2281"]
[Annotator "NA RC"]
[PlyCount "95"]
[EventDate "2019.12.28"]
[EventType "swiss"]
[EventCountry "ENG"]
[SourceTitle "playchess.com"]
[Source "ChessBase"]
[SourceQuality "1"]
[TimeControl "40/6600+30:3000+30"]

1. d4 Nf6 2. c4 e6 3. g3 Bb4+ 4. Bd2 a5 5. Bg2 O-O 6. Nf3 b6 7. O-O Bb7 8. Bf4 Be7 9. Qc2 Be4 10. Qc1 Bb7 11. Nc3 Ne4 12. Nb5 c6 13. Nc3 Nxc3 14. bxc3 d5 15. Rb1 Nd7 16. Qb2 Ba6 $11 ({Much worse is} 16... dxc4 $6 17. Ne5 $16) 17. cxd5 cxd5 18. a4 Rc8 19. Rfe1 Re8 20. Ne5 Nxe5 21. Bxe5 Rc6 22. e4 Bd3 23. exd5 exd5 24. Rbd1 Bc4 25. h4 Bd6 26. Bh3 Bxe5 27. dxe5 Qc7 28. Qd2 Bb3 29. Rb1 Rxc3 30. e6 d4 31. exf7+ Bxf7 32. Rxe8+ Bxe8 33. Qxd4 Rc1+ 34. Rxc1 Qxc1+ 35. Bf1 Qc7 36. Qe4 Qd8 37. Bd3 Bg6 38. Qe6+ Bf7 39. Bxh7+ Kxh7 40. Qxf7 Qd1+ 41. Kh2 Qxa4 42. Qh5+ Kg8 43. Qd5+ Kh7 44. Qd3+ Kh8 45. Qd8+ Kh7 46. Qxb6 Qb4 47. Qe6 a4 48. Qf5+ 1/2-1/2

[Event "95th Caplin Hastings Congress"]
[Site "Hastings"]
[Date "2020.01.03"]
[Round "7.16"]
[White "Gormally, Daniel W"]
[Black "Eames, Robert S"]
[Result "1-0"]
[ECO "E04"]
[WhiteElo "2508"]
[BlackElo "2150"]
[Annotator "ChessBase"]
[PlyCount "87"]
[EventDate "2019.12.28"]
[EventType "swiss"]
[EventCountry "ENG"]
[SourceTitle "playchess.com"]
[Source "ChessBase"]
[SourceQuality "1"]
[TimeControl "40/6600+30:3000+30"]

1. d4 Nf6 2. Nf3 d5 3. c4 e6 4. g3 dxc4 5. Bg2 Bb4+ 6. Nc3 O-O 7. O-O Nc6 8. Bg5 Rb8 9. e3 b5 10. a4 Bxc3 11. bxc3 b4 12. Nd2 Na5 13. cxb4 Rxb4 14. Ne4 Bb7 15. Nxf6+ gxf6 16. Bh6 f5 17. e4 Nb3 18. d5 Qf6 19. Bxf8 Kxf8 20. Qe1 a5 21. e5 Qe7 22. Rd1 exd5 23. Bxd5 c5 24. Bxb7 Qxb7 25. Qe3 Nd4 26. Rxd4 cxd4 27. Qxd4 Qb6 28. Qd7 f4 29. e6 Qxe6 30. Qd8+ Qe8 31. Qf6 Qe2 32. Qd8+ Qe8 33. Qxa5 Rxa4 34. Qc5+ Qe7 35. Qd4 Qe2 36. Qh8+ Ke7 37. Qc3 fxg3 38. hxg3 Kd7 39. Re1 Qd3 40. Qf6 Qd5 41. Re7+ Kc8 42. Qh8+ Qd8 43. Re8 Ra1+ 44. Kg2 1-0

[Event "95th Caplin Hastings Congress"]
[Site "Hastings"]
[Date "2020.01.03"]
[Round "7.18"]
[White "Gutierrez Carmona, Juan Alejandr"]
[Black "Vaishali R"]
[Result "1/2-1/2"]
[ECO "B40"]
[WhiteElo "2153"]
[BlackElo "2386"]
[Annotator "NA"]
[PlyCount "67"]
[EventDate "2019.12.28"]
[EventType "swiss"]
[EventCountry "ENG"]
[SourceTitle "playchess.com"]
[Source "ChessBase"]
[SourceQuality "1"]
[TimeControl "40/6600+30:3000+30"]

1. e4 c5 2. Nf3 e6 3. Nc3 a6 4. a4 Qc7 5. g3 b6 6. Bg2 Bb7 7. O-O d6 8. Re1 Nf6 9. d4 cxd4 10. Nxd4 Be7 11. h3 O-O 12. g4 Nc6 13. Nxc6 Bxc6 14. f4 d5 15. e5 Ne4 16. Nxe4 dxe4 17. Bxe4 Rfd8 18. Qf3 Rac8 19. c3 Bc5+ 20. Kg2 Bxe4 21. Qxe4 b5 22. axb5 axb5 23. Be3 b4 24. cxb4 Bxe3 25. Rxe3 Rd2+ 26. Re2 Rxe2+ 27. Qxe2 Qb7+ 28. Qf3 Qxb4 29. b3 h5 30. Ra8 Qd2+ 31. Kh1 Qc1+ 32. Kg2 Qd2+ 33. Kh1 Qe1+ 34. Kg2 1/2-1/2

[Event "95th Caplin Hastings Congress"]
[Site "Hastings"]
[Date "2020.01.03"]
[Round "7.20"]
[White "Lehaci, Miruna-Daria"]
[Black "Pekin, Tolgay"]
[Result "1-0"]
[ECO "B01"]
[WhiteElo "2214"]
[BlackElo "2080"]
[Annotator "NA"]
[PlyCount "67"]
[EventDate "2019.12.28"]
[EventType "swiss"]
[EventCountry "ENG"]
[SourceTitle "playchess.com"]
[Source "ChessBase"]
[SourceQuality "1"]
[TimeControl "40/6600+30:3000+30"]

1. e4 d5 2. exd5 Qxd5 3. Nc3 Qd6 4. d4 Nf6 5. Nf3 c6 6. g3 Bg4 7. Bg2 e6 8. O-O Qc7 9. Rb1 Nbd7 10. b4 Nd5 11. Ne2 Bxb4 12. c4 Nc3 13. Nxc3 Bxc3 14. Rb3 Ba5 15. Bf4 e5 16. dxe5 Be6 17. Rb1 h6 18. Nd4 Nc5 19. Qe2 g5 20. Be3 Bb6 21. f4 gxf4 22. gxf4 Na4 23. Nxe6 fxe6 24. c5 Nxc5 25. Rfd1 Na4 26. Bxb6 Nxb6 27. Rd6 Qf7 28. Qg4 Ke7 29. Qh4+ Kf8 30. Rbd1 Nd5 31. f5 exf5 32. Bxd5 Qg7+ 33. Bg2 Qxe5 34. Qb4 1-0

[Event "95th Caplin Hastings Congress"]
[Site "Hastings"]
[Date "2020.01.03"]
[Round "7.21"]
[White "Keetman, Maaike"]
[Black "Thorpe, Thomas"]
[Result "1/2-1/2"]
[ECO "B30"]
[WhiteElo "2193"]
[BlackElo "1924"]
[Annotator "NA"]
[PlyCount "101"]
[EventDate "2019.12.28"]
[EventType "swiss"]
[EventCountry "ENG"]
[SourceTitle "playchess.com"]
[Source "ChessBase"]
[SourceQuality "1"]
[TimeControl "40/6600+30:3000+30"]

1. e4 c5 2. Nf3 Nc6 3. Bb5 e6 4. O-O Nge7 5. Re1 a6 6. Bf1 d5 7. d3 f6 8. exd5 Nxd5 9. d4 Be7 10. c3 O-O 11. Bd3 f5 12. dxc5 Bxc5 13. Ng5 Qf6 14. Qe2 h6 15. Nf3 Bd6 16. Bc4 Kh8 17. Bxd5 exd5 18. Be3 f4 19. Bb6 Bg4 20. Nbd2 Qg6 21. Kh1 Rae8 22. Qf1 Ne5 23. Nxe5 Bxe5 24. Bc5 Bd6 25. Bxd6 Qxd6 26. f3 Bf5 27. Qf2 d4 28. Nc4 Qd5 29. Qxd4 Qxd4 30. cxd4 Rxe1+ 31. Rxe1 Rd8 32. Rd1 Be6 33. b3 g5 34. Kg1 Kg7 35. Kf2 Kf6 36. Ke2 b5 37. Ne5 Bf5 38. Nc6 Rd6 39. Ne5 Rd8 40. Rd2 Ke6 41. Kd1 Rd6 42. Kc1 Kd5 43. Kb2 a5 44. Rd1 Bh7 45. Kc3 Rd8 46. Kb2 Rc8 47. Rd2 Bf5 48. a3 Rc7 49. g3 Rc8 50. Nf7 Rc6 51. Ne5 1/2-1/2

[Event "95th Caplin Hastings Congress"]
[Site "Hastings"]
[Date "2020.01.03"]
[Round "7.22"]
[White "Brozel, Sacha"]
[Black "Akeya-Price, Robert"]
[Result "1-0"]
[ECO "E05"]
[WhiteElo "2150"]
[BlackElo "1818"]
[Annotator "NA"]
[PlyCount "121"]
[EventDate "2019.12.28"]
[EventType "swiss"]
[EventCountry "ENG"]
[SourceTitle "playchess.com"]
[Source "ChessBase"]
[SourceQuality "1"]
[TimeControl "40/6600+30:3000+30"]

1. d4 Nf6 2. c4 e6 3. g3 d5 4. Bg2 Be7 5. Nf3 O-O 6. O-O dxc4 7. Qc2 a6 8. Qxc4 b5 9. Qc2 Bb7 10. Bd2 Be4 11. Qc1 Bb7 12. Bf4 Nd5 13. Nc3 Nxf4 14. Qxf4 Nd7 15. Rfd1 Bd6 16. Qe3 Nb6 17. Qd3 c5 18. dxc5 Bxc5 19. Qc2 Qf6 20. Ne4 Bxe4 21. Qxc5 Na4 22. Qe3 Bxf3 23. Qxf3 Qxf3 24. Bxf3 Rad8 25. b4 Nb2 26. Rxd8 Rxd8 27. Bb7 Rd6 28. Rc1 Nc4 29. a4 f5 30. Bxa6 Rxa6 31. axb5 Rb6 32. Rxc4 Rxb5 33. f3 Kf7 34. Kf2 Kf6 35. e4 fxe4 36. Rxe4 e5 37. Ke3 Rd5 38. Rc4 h5 39. Ke4 Rb5 40. h4 g6 41. Kd3 Ke6 42. Kc3 Kd5 43. Rc8 Rb6 44. Rc5+ Kd6 45. Kc4 Ra6 46. Rd5+ Ke6 47. Rd3 Rc6+ 48. Kb5 Rc1 49. Kb6 Kf5 50. b5 Rc4 51. Kb7 e4 52. Rd5+ Ke6 53. fxe4 Rxe4 54. Rg5 Kf6 55. b6 Rb4 56. Kc7 Rc4+ 57. Kb8 Rb4 58. b7 Rb3 59. Ka7 Ra3+ 60. Kb6 Rb3+ 61. Rb5 1-0

[Event "95th Caplin Hastings Congress"]
[Site "Hastings"]
[Date "2020.01.03"]
[Round "7.23"]
[White "Comellas Blanchart, Jordi"]
[Black "Terentiev, Sergei"]
[Result "1/2-1/2"]
[ECO "B22"]
[WhiteElo "2125"]
[BlackElo "2292"]
[Annotator "NA"]
[PlyCount "39"]
[EventDate "2019.12.28"]
[EventType "swiss"]
[EventCountry "ENG"]
[SourceTitle "playchess.com"]
[Source "ChessBase"]
[SourceQuality "1"]
[TimeControl "40/6600+30:3000+30"]

1. e4 c5 2. Nf3 e6 3. c3 d6 4. d4 cxd4 5. cxd4 Nf6 6. Nc3 Be7 7. Bd3 O-O 8. O-O Nc6 9. Bc2 a6 10. Qe2 Qa5 11. e5 dxe5 12. dxe5 Nd7 13. Qe4 f5 14. exf6 Nxf6 15. Qh4 Qh5 16. Qxh5 Nxh5 17. Re1 Nb4 18. Be4 Nf6 19. Bb1 Nbd5 20. Ne4 1/2-1/2

[Event "95th Caplin Hastings Congress"]
[Site "Hastings"]
[Date "2020.01.03"]
[Round "7.24"]
[White "Norinkeviciute, Rasa"]
[Black "Ratsma, Midas"]
[Result "0-1"]
[ECO "A13"]
[WhiteElo "2018"]
[BlackElo "2271"]
[Annotator "NA"]
[PlyCount "118"]
[EventDate "2019.12.28"]
[EventType "swiss"]
[EventCountry "ENG"]
[SourceTitle "playchess.com"]
[Source "ChessBase"]
[SourceQuality "1"]
[TimeControl "40/6600+30:3000+30"]

1. c4 e6 2. g3 d5 3. Bg2 d4 4. d3 c5 5. e4 e5 6. f4 Nc6 7. Nf3 Bd6 8. f5 Bd7 9. g4 Nf6 10. h3 Qa5+ 11. Ke2 b5 12. Bd2 Nb4 13. Na3 a6 14. Ne1 O-O-O 15. Qb3 Qa4 16. Qxa4 bxa4 17. b3 Kc7 18. Nec2 Rb8 19. Bxb4 cxb4 20. c5 Bxc5 21. Nc4 Rhe8 22. Rhc1 Bb5 23. Ne1 Nd7 24. g5 Bxc4 25. Rxc4 a3 26. Rac1 Kd6 27. Bf3 Rb5 28. Bh5 Re7 29. Nf3 g6 30. f6 Re8 31. Bg4 Nb6 32. R4c2 a5 33. Nd2 a4 34. Nc4+ Nxc4 35. bxa4 Ne3 36. axb5 Nxc2 37. Rxc2 Ra8 38. Rc1 b3 39. b6 Bxb6 40. Rb1 bxa2 41. Ra1 Ba5 42. Rxa2 Bc3 43. Bc8 Rxc8 44. Rxa3 Bb4 45. Ra6+ Kd7 46. Ra7+ Rc7 47. Ra4 Bd6 48. Kd2 Rb7 49. Kc2 Ke6 50. Ra8 Rc7+ 51. Kd2 Bb4+ 52. Kd1 Rc3 53. Ra6+ Bd6 54. Kd2 Ra3 55. Rb6 Ra2+ 56. Ke1 Rh2 57. h4 Rxh4 58. Kf2 Rg4 59. Kf3 Rxg5 0-1

[Event "95th Caplin Hastings Congress"]
[Site "Hastings"]
[Date "2020.01.03"]
[Round "7.25"]
[White "Ratnesan, Ranesh"]
[Black "McNally, Richard J E"]
[Result "1/2-1/2"]
[ECO "D36"]
[WhiteElo "2252"]
[BlackElo "1967"]
[Annotator "NA"]
[PlyCount "134"]
[EventDate "2019.12.28"]
[EventType "swiss"]
[EventCountry "ENG"]
[SourceTitle "playchess.com"]
[Source "ChessBase"]
[SourceQuality "1"]
[TimeControl "40/6600+30:3000+30"]

1. d4 d5 2. c4 e6 3. Nc3 Nf6 4. cxd5 exd5 5. Bg5 c6 6. Qc2 Na6 7. a3 Nc7 8. e3 Be7 9. Bd3 Ne6 10. Bh4 Nh5 11. Bxe7 Qxe7 12. Nge2 Nf6 13. O-O g6 14. b4 a6 15. Rab1 O-O 16. a4 Ng7 17. b5 axb5 18. axb5 Bf5 19. Nf4 Bxd3 20. Nxd3 Nf5 21. bxc6 bxc6 22. Na4 Ng4 23. Rfe1 Qd6 24. g3 Nh4 25. gxh4 Qxh2+ 26. Kf1 Rfe8 27. Qb3 Reb8 28. Nb6 Ra6 29. Qd1 Qh3+ 30. Ke2 Raxb6 31. Rxb6 Rxb6 32. Rh1 Nh2 33. Kd2 Nf3+ 34. Kc3 Qf5 35. Qa4 h5 36. Nf4 Rb1 37. Rxb1 Qxb1 38. Nd3 Qb6 39. Ne5 Nxe5 40. dxe5 Kg7 41. Qf4 c5 42. Qg5 f6 43. Qg3 Qb4+ 44. Kc2 Qe4+ 45. Kd2 Qxe5 46. Qh3 f5 47. Qg2 c4 48. Qg5 d4 49. exd4 Qxd4+ 50. Kc1 Qf6 51. Qg3 f4 52. Qh3 Qa1+ 53. Kc2 c3 54. Qd7+ Kh6 55. Qe7 Qb2+ 56. Kd3 c2 57. Qf8+ Kh7 58. Qf7+ Qg7 59. Qxf4 c1=Q 60. Qxc1 Qd7+ 61. Ke2 Qg4+ 62. Kf1 Qxh4 63. Qc7+ Kh6 64. f4 Qf6 65. Kg2 h4 66. Kh3 g5 67. fxg5+ Qxg5 1/2-1/2

[Event "95th Caplin Hastings Congress"]
[Site "Hastings"]
[Date "2020.01.03"]
[Round "7.26"]
[White "De Coverly, Roger D"]
[Black "Bin-Suhayl, Ieysaa"]
[Result "0-1"]
[ECO "A04"]
[WhiteElo "1940"]
[BlackElo "2177"]
[Annotator "NA"]
[PlyCount "76"]
[EventDate "2019.12.28"]
[EventType "swiss"]
[EventCountry "ENG"]
[SourceTitle "playchess.com"]
[Source "ChessBase"]
[SourceQuality "1"]
[TimeControl "40/6600+30:3000+30"]

1. Nf3 Nf6 2. g3 c5 3. Bg2 Nc6 4. d4 cxd4 5. Nxd4 e5 6. Nxc6 dxc6 7. Qxd8+ Kxd8 8. Nd2 Kc7 9. b3 Bf5 10. e4 Be6 11. Bb2 Nd7 12. O-O-O f6 13. h3 a5 14. a4 b5 15. f4 bxa4 16. bxa4 exf4 17. gxf4 Nc5 18. f5 Bc8 19. Nb1 Nxa4 20. Ba1 Bd6 21. Bd4 Bf4+ 22. Nd2 Rd8 23. Rhf1 Rxd4 24. Rxf4 Nc3 25. Re1 Na2+ 26. Kd1 a4 27. Ke2 Ba6+ 28. Ke3 Rad8 29. Nf3 Rd1 30. Rxd1 Rxd1 31. Nd4 Nc3 32. Rg4 a3 33. Rxg7+ Kb6 34. e5 a2 35. Nb3 Bc4 36. e6 Bxb3 37. e7 a1=Q 38. e8=Q Re1+ 0-1

[Event "95th Caplin Hastings Congress"]
[Site "Hastings"]
[Date "2020.01.03"]
[Round "7.27"]
[White "Fishbein, Mitch"]
[Black "Elwin, Adrian G"]
[Result "0-1"]
[ECO "B38"]
[WhiteElo "2143"]
[BlackElo "1986"]
[Annotator "NA"]
[PlyCount "96"]
[EventDate "2019.12.28"]
[EventType "swiss"]
[EventCountry "ENG"]
[SourceTitle "playchess.com"]
[Source "ChessBase"]
[SourceQuality "1"]
[TimeControl "40/6600+30:3000+30"]

1. Nf3 Nf6 2. c4 c5 3. Nc3 Nc6 4. d4 cxd4 5. Nxd4 g6 6. e4 d6 7. Be2 Bg7 8. Be3 O-O 9. O-O Bd7 10. Qd2 Ng4 11. Bxg4 Bxg4 12. f3 Bd7 13. Rac1 Qa5 14. Rfd1 Rfc8 15. Nb3 Qh5 16. Ne2 Ne5 17. Ng3 Qxf3 18. gxf3 Nxf3+ 19. Kf2 Nxd2 20. Rxd2 Bc6 21. Nd4 Rf8 22. Ke2 Bd7 23. Rf1 Rac8 24. b3 a6 25. Kd3 b5 26. Nge2 e5 27. Nc2 bxc4+ 28. bxc4 f5 29. Kc3 Be6 30. Na3 Rc6 31. Rfd1 Bxc4 32. Nxc4 Rfc8 33. Rxd6 Rxc4+ 34. Kd2 Bf8 35. Ke1 Bxd6 36. Rxd6 Rxe4 37. Bh6 Rh4 38. Bg5 Rxh2 39. Re6 Kf7 40. Re7+ Kf8 41. Rxe5 Re8 42. Rxe8+ Kxe8 43. Nc3 h6 44. Bf4 Rh3 45. Nd5 g5 46. Be5 Kf7 47. Bb8 Ra3 48. Nb4 a5 0-1

[Event "95th Caplin Hastings Congress"]
[Site "Hastings"]
[Date "2020.01.03"]
[Round "7.28"]
[White "Pavlov, Mikhail"]
[Black "Boino, Claudio"]
[Result "1-0"]
[ECO "B40"]
[WhiteElo "1961"]
[BlackElo "2146"]
[Annotator "NA"]
[PlyCount "91"]
[EventDate "2019.12.28"]
[EventType "swiss"]
[EventCountry "ENG"]
[SourceTitle "playchess.com"]
[Source "ChessBase"]
[SourceQuality "1"]
[TimeControl "40/6600+30:3000+30"]

1. e4 c5 2. Nf3 e6 3. g3 d5 4. exd5 exd5 5. d4 cxd4 6. Nxd4 Nf6 7. Bg2 Be7 8. O-O O-O 9. Nc3 h6 10. Bf4 a6 11. h3 Nc6 12. Re1 Bb4 13. Qd3 Bc5 14. Nb3 Bb4 15. Rad1 Be6 16. a3 Bxc3 17. Qxc3 Qc8 18. Bxh6 Ne7 19. Bd2 Nc6 20. g4 Ne4 21. Bxe4 dxe4 22. Bf4 Rd8 23. Rxd8+ Qxd8 24. Nc5 Qd5 25. Nxe4 Nd4 26. Qd3 Nxc2 27. Qxc2 Rc8 28. Qd2 Qb3 29. Nc3 b5 30. Re3 a5 31. Rd3 Qc4 32. Rd4 Qc6 33. Rd8+ Rxd8 34. Qxd8+ Kh7 35. Qd3+ Kg8 36. Qe4 Qd7 37. Qa8+ Kh7 38. Qe4+ Kg8 39. Be3 Bc4 40. Qd4 Qe7 41. Ne4 f6 42. Ng3 Qb7 43. Nf5 Kh7 44. Qd6 Qf7 45. Qe7 Qg6 46. Bh6 1-0

[Event "95th Caplin Hastings Congress"]
[Site "Hastings"]
[Date "2020.01.03"]
[Round "7.29"]
[White "Thompson, Ian D"]
[Black "Fryer, David W"]
[Result "1-0"]
[ECO "A54"]
[WhiteElo "2141"]
[BlackElo "1913"]
[Annotator "NA"]
[PlyCount "71"]
[EventDate "2019.12.28"]
[EventType "swiss"]
[EventCountry "ENG"]
[SourceTitle "playchess.com"]
[Source "ChessBase"]
[SourceQuality "1"]
[TimeControl "40/6600+30:3000+30"]

1. c4 Nf6 2. Nc3 d6 3. g3 Nbd7 4. Bg2 c6 5. d4 e5 6. Nf3 Be7 7. O-O h6 8. Qc2 exd4 9. Nxd4 Ne5 10. b3 Qc7 11. Bb2 Rg8 12. a4 a5 13. f4 Ng6 14. e4 Bd7 15. Nce2 Nf8 16. Bc3 Rc8 17. Qd2 b6 18. Rae1 g5 19. fxg5 hxg5 20. Nc2 N6h7 21. Ned4 Ng6 22. Ne3 g4 23. Ndf5 Ne5 24. Nh6 Rg6 25. Nhf5 Bf8 26. Rd1 Ng5 27. Bxe5 dxe5 28. Nxg4 Nxe4 29. Bxe4 Rxg4 30. Qe2 Rg8 31. Qf3 Be6 32. Rd3 b5 33. Rfd1 bxc4 34. Bxc6+ Qxc6 35. Qxc6+ Rxc6 36. Rd8# 1-0

[Event "95th Caplin Hastings Congress"]
[Site "Hastings"]
[Date "2020.01.03"]
[Round "7.30"]
[White "Burrows, Nick"]
[Black "De Boer, Bas"]
[Result "0-1"]
[ECO "D35"]
[WhiteElo "1952"]
[BlackElo "2140"]
[Annotator "NA"]
[PlyCount "108"]
[EventDate "2019.12.28"]
[EventType "swiss"]
[EventCountry "ENG"]
[SourceTitle "playchess.com"]
[Source "ChessBase"]
[SourceQuality "1"]
[TimeControl "40/6600+30:3000+30"]

1. d4 d5 2. c4 e6 3. cxd5 exd5 4. Nc3 c6 5. Qc2 Nf6 6. Bg5 Nbd7 7. e3 Qa5 8. Bd3 Bb4 9. Nge2 h6 10. Bh4 O-O 11. O-O Re8 12. a3 Bf8 13. Rac1 g5 14. Bg3 Bg7 15. Na4 Qd8 16. b4 Qe7 17. Nc5 Ne4 18. Bxe4 dxe4 19. Nc3 f5 20. Rfd1 Qf7 21. Qd2 Nb6 22. b5 Nc4 23. Qa2 b6 24. bxc6 bxc5 25. Nb5 f4 26. exf4 gxf4 27. Bxf4 Qxf4 28. Qxc4+ Be6 29. d5 Bg4 30. d6+ Kh8 31. Nc7 Be5 32. g3 Qf3 33. Qf1 e3 34. fxe3 Qxe3+ 35. Qf2 Qxf2+ 36. Kxf2 Rf8+ 37. Kg1 Rab8 38. Na6 Rbd8 39. d7 Bd4+ 40. Rxd4 cxd4 41. Nc5 d3 42. Nxd3 Bxd7 43. cxd7 Rxd7 44. Nf4 Rd6 45. Rc7 Ra6 46. Kg2 Rf5 47. h4 Kg8 48. h5 Rxa3 49. Rc6 Rg5 50. Rc8+ Kh7 51. Kh2 Rgxg3 52. Rc7+ Rg7 53. Rc6 Rb7 54. Rc2 Rab3 0-1

[Event "95th Caplin Hastings Congress"]
[Site "Hastings"]
[Date "2020.01.03"]
[Round "7.31"]
[White "Unnikrishnan, Midhun P"]
[Black "Jennings, Richard"]
[Result "1-0"]
[ECO "C41"]
[WhiteElo "2135"]
[BlackElo "1903"]
[Annotator "NA"]
[PlyCount "49"]
[EventDate "2019.12.28"]
[EventType "swiss"]
[EventCountry "ENG"]
[SourceTitle "playchess.com"]
[Source "ChessBase"]
[SourceQuality "1"]
[TimeControl "40/6600+30:3000+30"]

1. Nf3 d6 2. d4 Nf6 3. Nc3 Nbd7 4. e4 e5 5. Bc4 Be7 6. O-O O-O 7. h3 c6 8. a4 b6 9. Qe2 Bb7 10. dxe5 dxe5 11. Rd1 Qc7 12. Bg5 a6 13. Nh4 g6 14. Bh6 Rfe8 15. Bxf7+ Kh8 16. Bxe8 Rxe8 17. Qc4 Nh5 18. Qf7 Qc8 19. g4 Ndf6 20. gxh5 Nxh5 21. Ng2 c5 22. Nd5 Bf8 23. Nxb6 Qe6 24. Qxe6 Rxe6 25. Rd8 1-0

[Event "95th Caplin Hastings Congress"]
[Site "Hastings"]
[Date "2020.01.03"]
[Round "7.32"]
[White "Barton, R Alan"]
[Black "Ryzhkov, Vjacheslav"]
[Result "0-1"]
[ECO "E14"]
[WhiteElo "1945"]
[BlackElo "2134"]
[Annotator "NA"]
[PlyCount "142"]
[EventDate "2019.12.28"]
[EventType "swiss"]
[EventCountry "ENG"]
[SourceTitle "playchess.com"]
[Source "ChessBase"]
[SourceQuality "1"]
[TimeControl "40/6600+30:3000+30"]

1. Nf3 f5 2. d4 Nf6 3. e3 e6 4. Bd3 b6 5. O-O Bb7 6. c4 Ne4 7. b3 a5 8. a3 Bd6 9. Bb2 O-O 10. Nc3 Ng5 11. d5 Na6 12. Nxg5 Qxg5 13. f4 Qe7 14. Qf3 Rae8 15. Bc2 exd5 16. Nxd5 Qe6 17. Rfe1 Nc5 18. Rad1 Qg6 19. b4 axb4 20. axb4 Ne4 21. Bxe4 Rxe4 22. Qf1 Rfe8 23. Rd4 Bxd5 24. Rxd5 Rxe3 25. Rxe3 Rxe3 26. c5 Qe6 27. Rd1 bxc5 28. bxc5 Bxc5 29. Kh1 Bb4 30. Be5 d6 31. Qb5 dxe5 32. Qxb4 exf4 33. h3 Qe7 34. Qxf4 g6 35. Qc4+ Kg7 36. Qd4+ Kh6 37. Qf4+ Kg7 38. Qd4+ Kf7 39. Qc4+ Kf6 40. Qc6+ Kg5 41. Qc1 Kh5 42. Rf1 Qe5 43. Qd1+ Kh6 44. Qd8 c5 45. Qf8+ Kh5 46. Qf7 h6 47. Qc4 Qe4 48. Qxc5 Rxh3+ 49. Kg1 Qe3+ 50. Qxe3 Rxe3 51. Kf2 Ra3 52. Rb1 Kg4 53. Rb6 Ra2+ 54. Kf1 Kg5 55. g3 h5 56. Rc6 Ra4 57. Kg2 h4 58. gxh4+ Rxh4 59. Kg3 Ra4 60. Kg2 Ra3 61. Kf2 f4 62. Kg2 Kf5 63. Rc5+ Kg4 64. Rc2 g5 65. Kg1 Rg3+ 66. Kh2 Rh3+ 67. Kg1 f3 68. Rc4+ Kg3 69. Rc3 Rh8 70. Rc2 f2+ 71. Rxf2 Rh1+ 0-1

[Event "95th Caplin Hastings Congress"]
[Site "Hastings"]
[Date "2020.01.03"]
[Round "7.33"]
[White "Brown, Thomas"]
[Black "Thatte, Nishchal"]
[Result "1-0"]
[ECO "A29"]
[WhiteElo "2116"]
[BlackElo "1832"]
[Annotator "NA"]
[PlyCount "63"]
[EventDate "2019.12.28"]
[EventType "swiss"]
[EventCountry "ENG"]
[SourceTitle "playchess.com"]
[Source "ChessBase"]
[SourceQuality "1"]
[TimeControl "40/6600+30:3000+30"]

1. c4 e5 2. g3 Nf6 3. Bg2 d5 4. cxd5 Nxd5 5. Nc3 Nb6 6. Nf3 Nc6 7. O-O Be7 8. Rb1 a5 9. d3 Be6 10. Be3 O-O 11. Rc1 f5 12. Na4 Nd5 13. Bc5 Bd6 14. Qb3 e4 15. dxe4 fxe4 16. Nd2 Nf4 17. Qe3 Nxg2 18. Kxg2 Ra6 19. Nxe4 Ne5 20. Rfd1 Ng4 21. Qg5 Qe8 22. f3 Rf5 23. Qd2 Qxa4 24. b3 Qe8 25. Bxd6 Rd5 26. Qf4 Nxh2 27. Rxd5 Bxd5 28. Rxc7 Bxe4 29. Re7 Qf8 30. Qxe4 Rxd6 31. Re8 Rh6 32. Qd5+ 1-0